 Dungeon Crawl Stone Soup version 0.19.3-1-g3169bf9 (console) character file.

73 Grinner the Cudgeler (level 4, -5/48 HPs)
             Began as an Ogre Monk on Jan 26, 2017.
             Slain by a gnoll
             ... wielding a +0 whip
              (8 damage)
             ... on level 2 of the Dungeon.
             The game lasted 00:03:44 (1302 turns).

Grinner the Cudgeler (Ogre Monk)                    Turns: 1302, Time: 00:03:45

Health: -5/48      AC:  5    Str: 17    XL:     4   Next: 27%
Magic:  4/4        EV: 11    Int:  9    God:
Gold:   57         SH:  0    Dex: 12    Spells: 0 memorised, 3 levels left

rFire  . . .     SeeInvis .     a - +0 mace
rCold  . . .     Gourm    .     b - +0 robe
rNeg   . . .     Faith    .     (no shield)
rPois  .         Spirit   .     d - +2 hat
rElec  .         Reflect  .     (no cloak)
rCorr  .         Harm     .     (gloves unavailable)
MR     .....                    (boots unavailable)
Stlth  ++........               (no amulet)
                                (no ring)
                                (no ring)

@: flying, very slightly contaminated
A: unfitting armour, tough skin 1
a: no special abilities


You were on level 2 of the Dungeon.
You were hungry.

You visited 1 branch of the dungeon, and saw 3 of its levels.

You collected 57 gold pieces.

Inventory:

Hand Weapons
 a - a +0 mace (weapon)
Armour
 b - a +0 robe (worn)
 d - a +2 hat (worn)
Wands
 s - a wand of flame (18/48)
Scrolls
 e - 3 scrolls of identify {unknown}
 f - a scroll of noise {unknown}
 g - a scroll of enchant armour {unknown}
 i - a scroll of fog {unknown}
 j - 3 scrolls of teleportation
 k - a scroll of random uselessness {unknown}
 l - 2 scrolls of remove curse {unknown}
 o - a scroll of recharging {unknown}
 p - a scroll of fear {unknown}
Comestibles
 c - 2 bread rations
 m - a beef jerky


   Skills:
 - Level 4.0 Fighting
 + Level 5.5 Maces & Flails
 + Level 3.6 Dodging
 - Level 1.4 Stealth


You had 3 spell levels left.
You didn't know any spells.

Dungeon Overview and Level Annotations

Branches:
Dungeon (3/15)

Altars:
Elyvilon
Makhleb
Qazlal


Innate Abilities, Weirdness & Mutations

You are too large for most types of armour.
You have tough skin. (AC +1)


Message History

The gnoll is moderately wounded.
The gnoll barely misses you. The gnoll closely misses you.
The gnoll hits you but does no damage.
You sock the gnoll!
You kill the gnoll!
The gnoll misses you.
You barely miss the gnoll. The gnoll hits you with a whip.
* * * LOW HITPOINT WARNING * * *
You sock the gnoll!
The gnoll is heavily wounded.
The gnoll closely misses you.
You hit the gnoll but do no damage.
The gnoll is heavily wounded.
The gnoll hits you with a whip.
* * * LOW HITPOINT WARNING * * *
You hit the gnoll but do no damage.
The gnoll is heavily wounded.
You feel a little less agile now. The gnoll hits you with a whip!
You die...

###.####.# ##...##
###.....##.# #.....########
#.......##.# #.............
#.#.#.#.##.###.....########
#.#.#.#...........##
#.#.#......#####.##
#.#.......## #.#
#.#####.#.# #.# #.# #.#.#
##@## #.#####.#.# ##)g.##
#.......#.# ##.....##
######.##.###>......#
##...#.##.........#
#.......'.........+
##...#.##.........# r..
##.##.###.......## [g.
####.# ##.....## #.#


You could see a gnoll.

Vanquished Creatures
  A gnoll (D:2)
  2 adders
  2 leopard geckos
  2 orcs (D:3)
  A ball python (D:3)
  A giant cockroach (D:3)
  6 goblins
  4 hobgoblins (D:1)
  4 jackals
  8 bats
  A frilled lizard (D:2)
  3 kobolds
  6 rats
41 creatures vanquished.

Vanquished Creatures (others)
  An orc (D:3)
1 creature vanquished.

Grand Total: 42 creatures vanquished

Notes
Turn   | Place    | Note
-------+----------+-------------------------------------------
     0 | D:1      | Grinner the Ogre Monk began the quest for the Orb.
     0 | D:1      | Reached XP level 1. HP: 24/24 MP: 1/1
    63 | D:1      | Reached XP level 2. HP: 13/32 MP: 2/2
   662 | D:2      | Reached XP level 3. HP: 36/39 MP: 3/3
   684 | D:2      | Reached skill level 5 in Maces & Flails
   764 | D:2      | Found a stormy altar of Qazlal.
  1060 | D:3      | Found a white marble altar of Elyvilon.
  1179 | D:3      | Found a burning altar of Makhleb.
  1227 | D:3      | Reached XP level 4. HP: 32/48 MP: 4/4
  1302 | D:2      | Slain by a gnoll

Skill      XL: |  1  2  3 |
---------------+----------+-----
Dodging        | 3 |  3.6
Maces & Flails | 5 |  5.5
Fighting       | |  4.0
Stealth        | |  1.4

Action                   |  1- 3 |  4- 6 || total
-------------------------+-------+-------++-------
Melee: Mace              |   113 |    30 ||   143
Evoke: Wand              |       |     1 ||     1
  Use: Potion            |       |     4 ||     4
       Scroll            |       |     1 ||     1
 Stab: Sleeping          |     2 |       ||     2
       Invisible         |       |     1 ||     1
  Eat: Chunk             |     1 |       ||     1
Armor: Robe              |    51 |    14 ||    65
Dodge: Dodged            |    99 |    22 ||   121
